cohdb
Replays
Latest Replays
All Replays
Popular Replays
Top Player Replays
Match Explorer
How It Works
Community
CoH3 Stats
Reddit
Sign in to upload your games and track your stats! →
Sign in with Steam
Match 39749131
Unlisted
Match 39749131
Overview
Messages
Build Orders
End
Construct Barracks
Engineer Squad
Riflemen Squad
Riflemen Squad
Grenade Package
Riflemen Squad
Construct Medical Station
Selects Advanced Infantry Battlegroup
Mortar Pit
Construct Weapon Support Center
Bazooka Squad
Selects Ammunition Storage
Bazooka Squad
M1919 Machine Gun Team
Selects M2A1 105mm Howitzer Emplacement
Air Support Center
Grasshopper Recon Run
P-47 Strafing Run
Selects Free Fire Drills
Selects Convert to Ranger Squad
Phan
kamacura
sharpshooter
ninjayas
0
0
Comments
sign in to comment!
No comments posted yet!